 Dungeon Crawl Stone Soup version 0.27.0-1-g7a089689b8 (webtiles) character file.

Game seed: 5451026416952326357

35591 wakim the Nimble (level 14, 0/94 HPs)
             Began as a Djinni Conjurer on Aug 3, 2021.
             Was a High Priest of Hepliaklqana.
             Slain by an elephant (14 damage)
             ... on level 6 of the Lair of Beasts.
             The game lasted 00:40:37 (17722 turns).

wakim the Nimble (Djinni Conjurer)                 Turns: 17722, Time: 00:40:37

Health: 0/94       AC:  6    Str:  6    XL:     14   Next: 19%
Gold:   983        EV: 17    Int: 23    God:    Hepliaklqana [*****.] SH:  5 Dex: 14

rFire    + + .     SeeInvis .   a - +1 short sword (vamp)
rCold    x . .     Faith    .   m - +0 buckler
rNeg     + . .     Spirit   .   h - +1 robe
rPois    ∞         Reflect  .   c - +0 hat
rElec    .         Harm     .   f - +0 cloak
rCorr    .         Rampage  .   g - +1 pair of gloves
Will     +....                  (boots unavailable)
Stlth    ++........             i - amulet of the acrobat
HPRegen  0.25/turn              k - ring of positive energy
MPRegen  0.00/turn              (no ring)

@: flying
A: reduced essence, sickness immunity, fire resistance 2, cold vulnerability 1,
float, innate caster, hp casting, extra vitality 1
a: Renounce Religion, Recall Ancestor, Ancestor Identity, Transference, Idealise


You were on level 6 of the Lair of Beasts.
You worshipped Hepliaklqana.
Hepliaklqana was extremely pleased with you.
You visited 3 branches of the dungeon, and saw 15 of its levels.

You collected 983 gold pieces.

Inventory:

Hand Weapons
 a - a +1 vampiric short sword (weapon)
 b - a +3 whip
Missiles
 d - 93 poisoned darts
 j - 2 curare-tipped darts {=f}
Armour
 c - a +0 hat (worn)
 f - a +0 cloak (worn)
 g - a +1 pair of gloves (worn)
 h - a +1 robe (worn)
 m - a +0 buckler (worn)
Jewellery
 i - an amulet of the acrobat (around neck)
 k - a ring of positive energy (left hand)
Wands
 u - a wand of mindburst (20)
 v - a wand of flame (24)
 w - a wand of acid (7)
 x - a wand of iceblast (13)
Scrolls
 l - 2 scrolls of enchant weapon
 r - a scroll of identify
 R - 6 scrolls of magic mapping {!r}
 S - a scroll of summoning
 T - 4 scrolls of teleportation
 U - 3 scrolls of fear
 X - 2 scrolls of fog
Potions
 e - a potion of flight {unknown}
 B - a potion of attraction {!q}
 C - 2 potions of berserk rage {!q}
 D - 2 potions of brilliance
 E - a potion of cancellation
 F - 4 potions of curing
 H - 4 potions of haste
 I - 2 potions of invisibility
 N - 3 potions of might
 O - a potion of resistance


   Skills:
 + Level 11.1 Fighting
 + Level 11.4 Dodging
 - Level 1.5 Stealth
 - Level 4.0 Shields
 * Level 11.1 Spellcasting
 + Level 7.7 Invocations
 + Level 7.7 Evocations


You had 3 spell levels left.
You knew the following spells:

 Your Spells              Type           Power      Damage    Failure   Level
a - Magic Dart            Conj           100%       1d8       1%          1
b - Dazzling Flash        Conj/Hex       100%       N/A       1%          3
c - Sandblast             Erth           100%       2d20      1%          1
d - Wereblood             Tmut           59%        N/A       1%          2
e - Summon Guardian Gole  Hex/Summ       59%        N/A       1%          3
f - Petrify               Tmut/Erth      59%        N/A       1%          4
g - Bolt of Magma         Conj/Fire/Erth 29%        4d13      1%          5
q - Vampiric Draining     Necr           29%        2d10      1%          3
s - Searing Ray           Conj           100%       3d7       1%          2
x - Iskenderun's Mystic   Conj/Tloc      59%        2d12      1%          4
z - Fulminant Prism       Conj/Hex       29%        3d14      1%          4
Your spell library was empty.

Dungeon Overview and Level Annotations

Branches:
Dungeon (8/15)             Temple (1/1) D:5            Lair (6/6) D:8
 Shoals (0/4) Lair:2        Snake (0/4) Lair:4        Slime (0/5) Lair:5

Altars:
Cheibriados
Elyvilon
Fedhas
Gozag
Hepliaklqana
Kikubaaqudgha
Makhleb
Okawaru
Uskayaw
Wu Jian
Jiyva

Annotations:
D:6 Edmund
Lair:1 3 runed translucent doors, Suckerboh's ghost, journeyman DECj
Lair:5 2 transporters


Innate Abilities, Weirdness & Mutations

Your life essence is reduced to manifest your ancestor. (-10% HP)
You are immune to sickness and miasma.
You are immune to poison.
Your flesh is very heat resistant. (rF++)
You are vulnerable to cold. (rC-)
You float through the air rather than walking.
You learn spells naturally, not from books.
Your magical power is your life essence.
You have superior vitality. (+4 HP)


Message History

Shatamurrim blocks the yak's attack.
Shatamurrim hits the cane toad with a +0 flail!
Shatamurrim blocks the cane toad's attack.
You block the elephant's attack. x2; The elephant tramples you!
* * * LOW HITPOINT WARNING * * *
You are shoved backwards!
You stop ascending the stairs.
Casting: Iskenderun's Mystic Blast (mildly dangerous; 1% risk of failure)
Confirm with . or Enter, or press ? or * to list all spells.
You erupt in a blast of force!
The mystic blast hits the elephant.
The elephant is severely wounded.
The elephant is knocked back by the mystic blast.
The mystic blast hits the elephant!
The elephant is moderately wounded.
* * * LOW HITPOINT WARNING * * *
You hear an angry hiss.
Shatamurrim blocks the yak's attack.
Shatamurrim blocks the cane toad's attack.
Shatamurrim hits the yak with a +0 flail!
The elephant tramples you but does no damage.
The elephant trunk-slaps you but does no damage.
Select a target.
Press: ? - help, Dir - move target, f - elephant
Aim: an elephant (moderately wounded)
A stone staircase leading up, spattered with blood.
The elephant swaps with Shatamurrim!
A yak comes into view.
The yak bellows!
The cane toad misses you.
A wyvern comes into view.
Shatamurrim hits the yak with a +0 flail.
The cane toad stings you!
* * * LOW HITPOINT WARNING * * *
The elephant tramples Shatamurrim!
Shatamurrim is shoved backwards!
There is a stone staircase leading up, spattered with blood here.
The elephant tramples Shatamurrim but does no damage.
Shatamurrim blocks the elephant's attack.
Shatamurrim blocks the wyvern's attack.
Shatamurrim hits the elephant but does no damage.
You block the cane toad's attack. The elephant tramples you!
You die...

##### ##### #
##.#.###P..###.#
.#.#.#..#.#....P..P
........@RlY.....l.
#.##....FYYF#...#
#...##YYY§Y.P#
#.$.....÷YYY.##
#....#..÷...YlS.Y#
#......#....÷#.....
.#........$..##....
.....##.....# ..##
.. ##....# #.#


You could see the friendly Shatamurrim the knight, 5 elephants, a black mamba, 6
yaks, 2 cane toads and 2 wyverns.

Vanquished Creatures
  Nessos (Lair:4)
  2 hydras
  A cyclops (D:7)
  2 black mambas (Lair:6)
  11 elephants
  Joseph (D:8)
  Maggie (D:6)
  9 cane toads
  2 rime drakes (Lair:3)
  2 komodo dragons
  A polar bear (Lair:5)
  5 dream sheep (Lair:4)
  Grinder (D:7)
  20 blink frogs
  A snapping turtle (Lair:2)
  20 yaks
  2 wyverns
  A basilisk (Lair:4)
  A steam dragon (Lair:2)
  2 nagas (Lair:4)
  3 orc warriors
  15 water moccasins
  An ice beast (D:5)
  A black bear (D:8)
  An ogre (D:4)
  A centaur (D:8)
  24 wolves
  A phantom (D:7)
  2 kobold brigands
  7 bullfrogs
  A scorpion (D:8)
  3 wights (D:6)
  2 electric eels (Lair:2)
  2 bullfrog zombies
  3 orc priests
  A centaur skeleton (D:7)
  6 hounds
  4 jellies
  8 orc wizards
  A howler monkey zombie (D:8)
  9 gnolls
  A howler monkey skeleton (D:5)
  3 adders
  A white imp (D:6)
  An adder skeleton (D:4)
  A dart slug (D:3)
  20 orcs
  13 endoplasms
  2 giant cockroaches
  3 hobgoblins
  5 jackals
  12 kobolds
  7 quokkas
  6 ball pythons
  8 bats
  4 frilled lizards
  10 goblins
  7 rats
  A fulminant prism (Lair:4)
287 creatures vanquished.

Vanquished Creatures (collateral kills)
  A boulder beetle (Lair:4)
  A black mamba (Lair:3)
  4 elephants
  Maurice (D:8)
  4 cane toads
  A komodo dragon (Lair:4)
  2 rime drakes
  A polar bear (Lair:3)
  Prince Ribbit (D:7)
  A hornet (D:7)
  10 blink frogs
  2 dream sheep (Lair:4)
  A wyvern (Lair:1)
  4 yaks (Lair:4)
  A basilisk (Lair:5)
  A naga (Lair:4)
  A water moccasin (D:7)
  An ice beast (D:6)
  A sky beast (D:6)
  An ogre (D:5)
  5 wolves
  A bullfrog (Lair:2)
  A gnoll sergeant (D:8)
  A scorpion (D:8)
  A water moccasin zombie (D:5)
  A water moccasin skeleton (D:5)
  The ghost of stickyfingers the Sneak, a weakling FoDe (D:3)
  2 hounds
  A gnoll shaman (D:8)
  An iguana (D:4)
  3 orc wizards
  A hound skeleton (D:4)
  A howler monkey zombie (D:6)
  An adder (D:6)
  An endoplasm (D:4)
  A ball python (D:3)
  A kobold (D:6)
64 creatures vanquished.

Vanquished Creatures (others)
  An ancestor (D:3)
  A bush (Lair:6)
  59 fulminant prisms
  39 fungi
  29 plants
129 creatures vanquished.

Grand Total: 480 creatures vanquished

Notes
Turn   | Place    | Note
-------+----------+-------------------------------------------
     0 | D:1      | wakim the Djinni Conjurer began the quest for the Orb.
     0 | D:1      | Reached XP level 1. HP: 15/15 MP: 0/0
   234 | D:1      | Reached XP level 2. HP: 20/22 MP: 0/0
   454 | D:1      | Reached skill level 1 in Fighting
   484 | D:1      | Reached XP level 3. HP: 25/27 MP: 0/0
   484 | D:1      | Learned a level 1 spell: Sandblast
   919 | D:1      | Found a faded altar of an unknown god.
  1273 | D:1      | Became a worshipper of Hepliaklqana the Forgotten
  1273 | D:1      | Reached * piety under Hepliaklqana
  1971 | D:3      | Reached XP level 4. HP: 26/28 MP: 0/0
  2088 | D:3      | Reached ** piety under Hepliaklqana
  2830 | D:3      | Found a runed translucent gate.
  2830 | D:3      | Found an opulent altar of Gozag.
  2831 | D:3      | Found a runed translucent gate.
  2831 | D:3      | Found a runed translucent gate.
  2832 | D:3      | Noticed stickyfingers's ghost (weakling FoDe)
  2847 | D:3      | Reached XP level 5. HP: 22/34 MP: 0/0
  2847 | D:3      | Learned a level 2 spell: Wereblood
  2908 | D:3      | Killed stickyfingers's ghost
  3247 | D:3      | Remembered your ancestor Shatamurrim as a knight
  3662 | D:4      | Reached XP level 6. HP: 31/40 MP: 0/0
  3843 | D:4      | Noticed an ogre
  3854 | D:4      | Killed an ogre
  3971 | D:4      | Reached XP level 7. HP: 23/45 MP: 0/0
  3971 | D:4      | Learned a level 3 spell: Summon Guardian Golem
  4325 | D:4      | Reached skill level 5 in Spellcasting
  4488 | D:4      | Found a burning altar of Makhleb.
  4739 | D:4      | Reached *** piety under Hepliaklqana
  4775 | D:4      | Found a snail-covered altar of Cheibriados.
  4801 | D:5      | Entered Level 5 of the Dungeon
  5164 | D:5      | Reached skill level 5 in Dodging
  5164 | D:5      | Reached XP level 8. HP: 47/52 MP: 0/0
  5367 | D:5      | Found a staircase to the Ecumenical Temple.
  5376 | Temple   | Entered the Ecumenical Temple
  5756 | D:5      | Found a white marble altar of Elyvilon.
  6017 | D:6      | Noticed Maggie
  6298 | D:6      | Noticed a yak
  6299 | D:6      | Noticed a yak
  6305 | D:6      | Noticed a boulder beetle
  6543 | D:6      | Killed Maggie
  6544 | D:6      | Reached skill level 5 in Fighting
  6544 | D:6      | Reached XP level 9. HP: 42/58 MP: 0/0
  6544 | D:6      | Learned a level 3 spell: Vampiric Draining
  6747 | D:6      | Found an iron altar of Okawaru.
  6750 | D:6      | Noticed Grinder
  6871 | D:7      | Noticed a hornet
  6875 | D:7      | Killed a hornet
  6886 | D:7      | Noticed a cyclops
  6895 | D:7      | Killed a cyclops
  7276 | D:7      | Noticed Prince Ribbit
  7288 | D:7      | Killed Prince Ribbit
  7729 | D:6      | Noticed Edmund
  7739 | D:7      | Reached XP level 10. HP: 58/65 MP: 0/0
  7745 | D:7      | Killed Grinder
  7877 | D:8      | Found a blossoming altar of Fedhas.
  7877 | D:8      | Noticed Joseph
  7886 | D:8      | Killed Joseph
  8364 | D:8      | Reached **** piety under Hepliaklqana
  8925 | D:8      | Noticed Maurice
  8935 | D:8      | Killed Maurice
  8936 | D:8      | Reached skill level 1 in Invocations
  8936 | D:8      | Reached skill level 1 in Evocations
  9184 | D:8      | Found a staircase to the Lair.
  9213 | Lair:1   | Entered Level 1 of the Lair of Beasts
  9233 | Lair:1   | Noticed a cane toad
  9238 | Lair:1   | Killed a cane toad
  9318 | Lair:1   | Reached XP level 11. HP: 55/72 MP: 0/0
  9318 | Lair:1   | Learned a level 4 spell: Petrify
  9948 | Lair:1   | Found a runed translucent gate.
  9949 | Lair:1   | Found a runed translucent gate.
  9950 | Lair:1   | Found a runed translucent gate.
  9951 | Lair:1   | Noticed Suckerboh's ghost (journeyman DECj)
  9952 | Lair:1   | Noticed a quicksilver ooze
 10607 | Lair:1   | Found a viscous altar of Jiyva.
 10623 | Lair:2   | Reached ***** piety under Hepliaklqana
 10634 | Lair:2   | HP: 2/73 [electric eel/bolt of electricity (14)]
 11961 | Lair:2   | Found a staircase to the Shoals.
 12222 | Lair:3   | Reached XP level 12. HP: 68/80 MP: 0/0
 12639 | Lair:3   | Reached skill level 1 in Shields
 12639 | Lair:3   | Reached skill level 10 in Spellcasting
 12646 | Lair:3   | Reached skill level 5 in Invocations
 12897 | Lair:3   | Noticed a five-headed hydra
 12904 | Lair:3   | Killed a five-headed hydra
 12905 | Lair:3   | Reached skill level 5 in Evocations
 13612 | Lair:4   | Reached skill level 10 in Dodging
 13930 | Lair:4   | Reached skill level 10 in Fighting
 14108 | Lair:4   | Noticed Nessos
 14126 | Lair:4   | Killed Nessos
 14127 | Lair:4   | Reached XP level 13. HP: 17/86 MP: 0/0
 14127 | Lair:4   | Learned a level 5 spell: Bolt of Magma
 14509 | Lair:4   | Found a staircase to the Snake Pit.
 14782 | Lair:4   | Noticed a boulder beetle
 14806 | Lair:4   | Killed a boulder beetle
 15044 | Lair:4   | Found an ornate altar of the Wu Jian Council.
 15077 | Lair:4   | Found a hide-covered altar of Uskayaw.
 16620 | Lair:5   | Found a staircase to the Slime Pits.
 16764 | Lair:5   | Found a transporter.
 16764 | Lair:5   | Found a transporter.
 16765 | Lair:5   | Noticed a boulder beetle
 16848 | Lair:5   | Noticed a seven-headed hydra
 16854 | Lair:5   | Killed a seven-headed hydra
 17332 | Lair:6   | Entered Level 6 of the Lair of Beasts
 17348 | Lair:6   | Reached XP level 14. HP: 65/92 MP: 0/0
 17722 | Lair:6   | Slain by an elephant

Illustrated notes

Levels and vault maps discovered:
D:1:      shiori_arrival_maze, layout_basic,
          shapermc_ecumenical_altar_mp_highgroup
D:2:      layout_rooms
D:3:      layout_loops_corners, ebering_ghost_gozag,
          minmay_fractal_squares_gapless_5
D:4:      layout_rooms, kennysheep_mini_moat, old_standard_altar
D:5:      layout_loops_ring, mainiacjoe_overflow_alcove_2, lemuel_round_altar,
          minmay_temple_entry_crystal_x
D:6:      layout_basic, kennysheep_okawaru_gauntlet, grunt_gozag_statues,
          uniq_grinder, uniq_edmund, uniq_maggie
D:7:      layout_loops_cross, chequers_serial_rivers_micro_c,
          kennysheep_pointless_box, uniq_prince_ribbit1
D:8:      layout_loops_corners, old_standard_altar,
          grunt_lair_entry_orc_guard_hut, uniq_joseph, uniq_maurice
Temple:   minmay_temple_curvy_branch
Lair:1:   beast_lair_carwin_large_4, layout_long_grid, gammafunk_ghost_ooze
Lair:2:   layout_regular_city, minmay_shoals_entry_hut,
          infiniplex_staircase_pool
Lair:3:   layout_cave_pods, grunt_megastairs_1
Lair:4:   layout_cave_pods, minmay_snake_entry_guardpost_small,
          nzn_masters_of_martial_movement, uniq_nessos
Lair:5:   gammafunk_boulding_lane, layout_cave_pods,
          nicolae_slime_entry_slimehenge, columned_hall_lemuel
Lair:6:   hangedman_lair_tendril_chambers, layout_regular_city, wormcave,
          serial_bayou_shore_a

Skill      XL: |  1  2  3  4  5  6  7  8  9 10 11 12 13 14 |
---------------+-------------------------------------------+-----
Fighting       | 1 2 3 5 6 7 9 10 11 | 11.1
Dodging        | 3 4 5 6 7 8 9 10 11 | 11.4
Spellcasting   | 4 5 6 7 8 9 10 11 | 11.1
Invocations    | 2 4 5 7 |  7.7
Evocations     | 2 4 5 7 |  7.7
Shields        | 4 |  4.0
Stealth        | |  1.5

Action                   |  1- 3 |  4- 6 |  7- 9 | 10-12 | 13-15 || total
-------------------------+-------+-------+-------+-------+-------++-------
Melee: Short sword       |       |       |       |     1 |     1 ||     2
       Whip              |       |       |       |     1 |       ||     1
 Cast: Magic Dart        |    17 |       |       |       |       ||    17
       Searing Ray       |    23 |    26 |    40 |    90 |    51 ||   230
       Fulminant Prism   |       |     1 |    10 |    29 |    20 ||    60
       Vampiric Draining |       |       |       |     4 |       ||     4
       Iskenderun's Myst |       |       |       |    12 |    38 ||    50
       Bolt of Magma     |       |       |       |       |     4 ||     4
       Petrify           |       |       |       |       |     1 ||     1
Invok: Ancestor Life: Kn |       |     1 |       |       |       ||     1
       Recall Ancestor   |       |       |     2 |       |       ||     2
       Transference      |       |       |       |     4 |     2 ||     6
       Idealise          |       |       |       |     1 |       ||     1
Evoke: Wand              |       |       |       |     3 |       ||     3
  Use: Scroll            |     3 |     6 |    10 |     4 |       ||    23
       Potion            |       |       |       |     1 |       ||     1
Armor: Robe              |     2 |     5 |     6 |    13 |     7 ||    33
Dodge: Dodged            |    21 |    11 |    19 |    90 |    46 ||   187
Block: Buckler           |       |       |       |     7 |    16 ||    23
